 Dungeon Crawl Stone Soup version 0.24.1-14-gf8d2b509d9 (webtiles) character file.

Game seed: 5785427554490959796, levelgen mode: deterministic

107 Hugehornet the Cudgeler (level 4, -1/44 HPs)
             Began as a Troll Fighter on May 22, 2020.
             Slain by a gnoll (9 damage)
             ... on level 3 of the Dungeon.
             The game lasted 00:03:28 (2154 turns).

Hugehornet the Cudgeler (Troll Fighter)             Turns: 2154, Time: 00:03:29

Health: -1/44      AC:  6    Str: 24    XL:     4   Next: 57%
Magic:  3/3        EV:  8    Int:  5    God:
Gold:   24         SH:  8    Dex:  9    Spells: 3/3 levels left

rFire    . . .     SeeInvis .   a - +0 flail
rCold    . . .     Gourm    +   c - +0 shield
rNeg     . . .     Faith    .   b - +0 robe
rPois    .         Spirit   .   (helmet restricted)
rElec    .         Reflect  .   (no cloak)
rCorr    .         Harm     .   (gloves unavailable)
MR       .....                  (boots unavailable)
Stlth    +.........             (no amulet)
HPRegen  0.54/turn              (no ring)
MPRegen  0.08/turn              (no ring)

@: no status effects
A: large, unfitting armour, claws 3, fast metabolism 3, gourmand, regeneration
1, shaggy fur 1, tough skin 3
a: no special abilities


You were on level 3 of the Dungeon.
You were full.

You visited 1 branch of the dungeon, and saw 3 of its levels.

You collected 24 gold pieces.

Inventory:

Hand Weapons
 a - a +0 flail (weapon)
Armour
 b - a +0 robe (worn)
 c - a +0 shield (worn)
Scrolls
 e - 8 scrolls of teleportation {unknown}
 h - a scroll of enchant armour {unknown}
 l - a scroll of fog {unknown}
 m - a scroll of fear {unknown}
Potions
 d - 4 potions of might
 g - a potion of flight {unknown}
 i - a potion of curing {unknown}
 j - 2 potions of agility {unknown}
 k - a potion of lignification {unknown}
 n - a potion of resistance {unknown}
 o - 2 potions of magic {unknown}
 p - a potion of invisibility {unknown}
Comestibles
 f - 3 rations


   Skills:
 - Level 2.4 Fighting
 + Level 4.4 Maces & Flails
 - Level 2.4 Dodging
 - Level 2.4 Shields


You had 3 spell levels left.
You didn't know any spells.
Your spell library was empty.

Dungeon Overview and Level Annotations

Branches:
Dungeon (3/15)

Altars:


Innate Abilities, Weirdness & Mutations

You are too large for most types of armour.
You have claws for hands.
Your metabolism is lightning-fast.
You like to eat raw meat.
Your natural rate of healing is unusually fast.
You are covered in fur. (AC +1)
You have extremely tough skin. (AC +3)


Message History

You are too injured to fight recklessly!
You are too injured to fight recklessly!
You are too injured to fight recklessly!
You are too injured to fight recklessly!
You are too injured to fight recklessly!
You are too injured to fight recklessly!
You are too injured to fight recklessly!
You thump the gnoll!
The gnoll is almost dead.
You block the gnoll's attack. The gnoll closely misses you.
You barely miss the gnoll.
The gnoll is almost dead.
The gnoll hits you. You block the gnoll's attack. The gnoll hits you!
* * * LOW HITPOINT WARNING * * *
The gnoll hits you from afar with a +0 spear.
* * * LOW HITPOINT WARNING * * *
You closely miss the gnoll.
The gnoll is almost dead.
The gnoll hits you!
You die...

.# .# .# ### .# #
##.## .# .#
######...####.#..###
...#....@ggg#.$..).
###)##...###r....#
#<....#.## #.##.##
#####.#.#.#.# #.# #
#...)(......# #.#
##.###.#.#.#### #w#
.......[........#..
###############.#>#
...


You could see 2 gnolls, a quokka and a goblin.

Vanquished Creatures
  A gnoll (D:3)
  3 adders (D:2)
  2 worms (D:2)
  2 dart slugs (D:1)
  A leopard gecko (D:1)
  4 bats
  7 giant cockroaches
  12 goblins
  3 hobgoblins
  4 jackals (D:1)
  7 kobolds
  3 quokkas (D:2)
  4 frilled lizards
  5 rats
58 creatures vanquished.

Notes
Turn   | Place    | Note
-------+----------+-------------------------------------------
     0 | D:1      | Hugehornet the Troll Fighter began the quest for the Orb.
     0 | D:1      | Reached XP level 1. HP: 22/22 MP: 0/0
    14 | D:1      | Reached skill level 2 in Maces & Flails
   141 | D:1      | Reached XP level 2. HP: 29/29 MP: 1/1
   303 | D:1      | Reached skill level 3 in Maces & Flails
   445 | D:1      | Reached XP level 3. HP: 35/36 MP: 2/2
  1505 | D:2      | Reached skill level 4 in Maces & Flails
  1505 | D:2      | Reached XP level 4. HP: 35/44 MP: 3/3
  1779 | D:2      | Found a faded altar of an unknown god.
  2154 | D:3      | Slain by a gnoll

Levels and vault maps discovered:
D:1:      shiori_arrival_oz, layout_basic, serial_forest,
          infiniplex_forest_clump_medium, infiniplex_forest_corner_2,
          infiniplex_forest_end_3, infiniplex_forest_clump_double,
          infiniplex_forest_corner_1
D:2:      layout_basic, nicolae_overflow_hidden_temple,
          chequers_ecumenical_altar_twisty, minmay_tetromino_s4
D:3:      layout_loops_ring, yredelemnul_forgotten_temple_becter,
          biasface_ghost_orc_armoury, fedhas_ov_isle_minmay

Skill      XL: |  1  2  3 |
---------------+----------+-----
Maces & Flails | 2 3 4 |  4.4
Fighting       | |  2.4
Dodging        | |  2.4
Shields        | |  2.4

Action                   |  1- 3 |  4- 6 || total
-------------------------+-------+-------++-------
Melee: Flail             |   200 |    64 ||   264
 Stab: Sleeping          |     1 |       ||     1
  Eat: Chunk             |    18 |     4 ||    22
Armor: Robe              |   106 |    17 ||   123
Dodge: Dodged            |    76 |    19 ||    95
Block: Shield            |   125 |    39 ||   164
